 Dungeon Crawl Stone Soup version 0.23.2-33-g5129a83184 (webtiles) character file.

Game seed: 6821658697928637485

329 Felnil the Covered (level 6, -2/47 HPs)
             Began as a Mummy Fighter on Aug 8, 2019.
             Was an Initiate of Cheibriados.
             Slain by an orc warrior
             ... wielding a +0 dire flail
              (6 damage)
             ... on level 4 of the Dungeon.
             The game lasted 00:09:11 (3206 turns).

Felnil the Covered (Mummy Fighter)                  Turns: 3206, Time: 00:09:12

Health: -2/47      AC:  8    Str: 22    XL:     6   Next: 25%
Magic:  6/6        EV:  7    Int:  9    God:    Cheibriados [......]
Gold:   175        SH:  9    Dex: 12    Spells: 5/5 levels left

rFire    x . .     SeeInvis .   a - +0 war axe
rCold    + . .     Gourm    .   c - +0 shield
rNeg     + + +     Faith    .   b - +0 scale mail
rPois    ∞         Spirit   .   j - +0 helmet
rElec    .         Reflect  .   (no cloak)
rCorr    .         Harm     .   (no gloves)
MR       .....                  (no boots)
Stlth    ..........             (no amulet)
HPRegen  0.15/turn              (no ring)
MPRegen  0.10/turn              (no ring)

@: about to teleport, slow
A: no food or potions, fire vulnerability, cold resistance 1, negative energy
resistance 3, torment resistance, unbreathing
a: Bend Time, Renounce Religion


You were on level 4 of the Dungeon.
You worshipped Cheibriados.
Cheibriados was noncommittal.
You were not hungry.

You visited 1 branch of the dungeon, and saw 4 of its levels.

You collected 175 gold pieces.

Inventory:

Hand Weapons
 a - a +0 war axe (weapon)
Armour
 b - a +0 scale mail (worn)
 c - a +0 shield (worn)
 j - a +0 helmet (worn)
Scrolls
 d - a scroll of remove curse
 e - a scroll of enchant armour {unknown}
 f - a scroll of teleportation
 g - a scroll of fear
 h - a scroll of fog
 i - a scroll of amnesia


   Skills:
 - Level 3.0 Fighting
 - Level 1.5 Axes
 + Level 5.9 Armour
 - Level 2.4 Shields


You had 5 spell levels left.
You didn't know any spells.
Your spell library was empty.

Dungeon Overview and Level Annotations

Branches:
Dungeon (4/15)
 Temple: D:4-7

Altars:
Cheibriados
Xom
The Shining One


Innate Abilities, Weirdness & Mutations

You do not eat or drink.
Your flesh is vulnerable to fire.
You are immune to poison.
Your flesh is cold resistant. (rC+)
You are immune to negative energy. (rN+++)
You are immune to unholy pain and torment.
You can survive without breathing.


Message History

Deactivating autopickup; reactivate with Ctrl-A.
A worker ant comes into view.
The orc warrior hits you with a +0 dire flail.
The worker ant twitches its antennae in your direction.
You hit the orc warrior.
The orc warrior is lightly wounded.
The orc warrior hits you with a +0 dire flail!!
Ouch! That really hurt!
Unknown command.
You hit the orc warrior.
The orc warrior is lightly wounded.
The orc warrior hits you with a +0 dire flail!
* * * LOW HITPOINT WARNING * * *
As you read the scroll of teleportation, it crumbles to dust.
You feel strangely unstable. Something hits you but does no damage.
You block the orc warrior's attack.
As you read the scroll of fog, it crumbles to dust.
The scroll dissolves into smoke.
Something hits you but does no damage.
The orc warrior hits you with a +0 dire flail.
You die...

#..#.# ##.#.# #.#
#.#.# # ..# #.#.# #.
#.# #...# #.#####.#
##..####...#.#.#
#.>...###.#§#§###+####
#####.#....§§§#.......
#.##.<.§o@#.......
#..).##§#{#.......
######)##.#a#.o.....
.'.........#o........
.###.......#......(..
....#.....#.........
#.........#.....##+#
#...#........##.#
.......#....... ...


You could see an orc warrior and a worker ant.

Vanquished Creatures
  2 orc priests
  An iguana (D:4)
  An orc wizard (D:2)
  2 worker ants
  3 adders
  4 gnolls
  3 oozes
  2 worms (D:2)
  3 dart slugs
  A leopard gecko (D:3)
  9 orcs
  13 bats
  4 giant cockroaches
  6 goblins
  2 hobgoblins
  2 jackals (D:2)
  A quokka (D:3)
  2 ball pythons (D:2)
  3 frilled lizards
  10 kobolds
  6 rats
80 creatures vanquished.

Notes
Turn   | Place    | Note
-------+----------+-------------------------------------------
     0 | D:1      | Felnil the Mummy Fighter began the quest for the Orb.
     0 | D:1      | Reached XP level 1. HP: 18/18 MP: 1/1
   112 | D:1      | Reached skill level 3 in Armour
   112 | D:1      | Reached XP level 2. HP: 21/24 MP: 2/2
   456 | D:1      | Reached XP level 3. HP: 18/29 MP: 3/3
  1117 | D:2      | Found a shimmering altar of Xom.
  1260 | D:2      | Reached skill level 4 in Armour
  1262 | D:2      | Reached XP level 4. HP: 28/35 MP: 4/4
  1739 | D:2      | Reached XP level 5. HP: 39/41 MP: 5/5
  1763 | D:2      | Reached skill level 5 in Armour
  2521 | D:3      | Found a glowing golden altar of the Shining One.
  2696 | D:3      | Found a snail-covered altar of Cheibriados.
  2711 | D:3      | Became a worshipper of Cheibriados the Contemplative
  2895 | D:4      | Reached XP level 6. HP: 24/47 MP: 6/6
  3197 | D:4      | Noticed an orc warrior
  3206 | D:4      | Slain by an orc warrior

Skill      XL: |  1  2  3  4  5 |
---------------+----------------+-----
Armour         | 3 4 5 |  5.9
Fighting       | |  3.0
Axes           | |  1.5
Shields        | |  2.4

Action                   |  1- 3 |  4- 6 || total
-------------------------+-------+-------++-------
Melee: War axe           |   124 |   186 ||   310
  Use: Scroll            |       |     7 ||     7
Armor: Scale mail        |    88 |    95 ||   183
Dodge: Dodged            |    38 |    59 ||    97
Block: Shield            |    80 |   115 ||   195
